 Dungeon Crawl Stone Soup version 0.30.1-11-g7821555f0a (webtiles) character file.

Game seed: 10071383150494035015

595046 Gabide the Ruinous (level 25, -8/202 HPs)
             Began as a Demigod Conjurer on Nov 19, 2023.
             Mangled by an Orb Guardian (14 damage)
             ... on level 5 of the Realm of Zot.
             The game lasted 03:19:43 (95329 turns).

Gabide the Ruinous (Demigod Conjurer)              Turns: 95329, Time: 03:19:43

Health: -8/202     AC: 18    Str:  9 (11) XL:     25   Next: 6%
Magic:  1/56       EV: 12    Int: 67 (69) God:
Gold:   6709       SH:  5    Dex:  3 (7)  Spells: 17/69 levels left

rFire   . . .        a - staff of air "Yshyxtoast" {rElec rPois Str+3}
rCold   + . .        V - +3 buckler {reflect}
rNeg    . . .        S - +2 robe {Archmagi}
rPois   +            m - +2 helmet
rElec   +            J - +2 cloak {Will+}
rCorr   .            P - +2 pair of gloves {hurl}
SInv    +            E - +2 pair of boots
Will    +++..        M - amulet of the Thieving Fool {Regen+ Int+5 Dex-5 Slay+2 SInv}
Stlth   ++           o - +6 ring of intelligence
HPRegen 1.33/turn    b - +6 ring of intelligence
MPRegen 0.35/turn

%: reflection, archmagi
@: studying Unarmed Combat, invisible
A: high MP 1, forlorn, divine attributes, iridescent scales 1, cold resistance
1, subdued magic 1
}: 3/15 runes: decaying, serpentine, slimy
a: no special abilities


You were on level 5 of the Realm of Zot.
You visited 12 branches of the dungeon, and saw 54 of its levels.
You also visited: Bailey.

You collected 9058 gold pieces.
You spent 2349 gold pieces at shops.

Inventory:

Hand Weapons
 G - the +8 Vampire's Tooth {megavamp}
   (You took it off an orc wizard on level 9 of the Dungeon)
Missiles
 g - a curare-tipped dart
 W - 3 throwing nets
Armour
 h - a +4 troll leather armour
 l - the +1 robe of Fulioj {rElec rN+}
   (You found it on level 4 of the Dungeon)

   rElec:     It insulates you from electricity.
   rN:        It protects you from negative energy.
 m - a +2 helmet (worn)
 E - a +2 pair of boots (worn)
 F - a +2 robe of resistance
 J - a +2 cloak of willpower (worn)
 P - a +2 pair of gloves of hurling (worn)
 S - a +2 robe of the Archmagi (worn)
 V - a +3 buckler of reflection (worn)
 Z - +9 gold dragon scales
Magical Staves
 a - the staff of air "Yshyxtoast" (weapon) {rElec rPois Str+3}
   (You took it off a deep elf high priest on level 3 of the Elven Halls)

   [staff of air]

   Base accuracy: +5 Base damage: 5 Base attack delay: 1.2 This weapon's minimum
   attack delay (0.6) is reached at skill level 12.
   Str:       It affects your strength (+3).
   rElec:     It insulates you from electricity.
   rPois:     It protects you from poison.
   It falls into the 'Staves' category.
   It is a one-handed weapon.
 f - the staff of conjuration "Batsiuch" {MP+9}
   (You acquired it on level 3 of the Elven Halls)

   [staff of conjuration]

   Base accuracy: +5 Base damage: 5 Base attack delay: 1.2 This weapon's minimum
   attack delay (0.6) is reached at skill level 12.
   MP:        It affects your magic capacity (+9).
   It falls into the 'Staves' category.
   It is a one-handed weapon.
Jewellery
 b - a +6 ring of intelligence (right hand)
 o - a +6 ring of intelligence (left hand)
 q - a ring of flight
 y - the ring "Aluc" {rF+ MP+9}
   (You found it on level 1 of the Snake Pit)

   [ring of magical power]

   rF:        It protects you from fire.
   MP:        It affects your magic capacity (+9).
 M - the amulet of the Thieving Fool (around neck) {Regen+ Int+5 Dex-5 Slay+2 SInv}
   (You found it on level 5 of the Pits of Slime)

   [amulet of regeneration]

   Int:       It affects your intelligence (+5).
   Dex:       It affects your dexterity (-5).
   Slay:      It affects your accuracy & damage with ranged weapons and melee
   (+2).
   SInv:      It lets you see invisible.
   Regen:     It increases your rate of health regeneration.
 T - the ring "Amur" {rF+ rN+ Will+ Str+6}
   (You found it on level 2 of the Depths)

   [ring of strength]

   Str:       It affects your strength (+6).
   rF:        It protects you from fire.
   rN:        It protects you from negative energy.
   Will:      It increases your willpower.
 Y - the ring of the Seer {rElec rPois rC- MP+9 Dex+8}
   (You bought it in a shop on level 1 of the Orcish Mines)

   [ring of magical power]

   Dex:       It affects your dexterity (+8).
   rC:        It makes you vulnerable to cold.
   rElec:     It insulates you from electricity.
   rPois:     It protects you from poison.
   MP:        It affects your magic capacity (+9).
Wands
 t - a wand of digging (35)
 v - a wand of roots (52)
 R - a wand of mindburst (24)
Scrolls
 u - 5 scrolls of fear
 w - 4 scrolls of fog
 z - 3 scrolls of magic mapping
 B - 3 scrolls of enchant armour
 C - 12 scrolls of vulnerability
 D - 2 scrolls of blinking
 I - 13 scrolls of teleportation
 K - a scroll of silence
 N - 7 scrolls of poison
 Q - 10 scrolls of amnesia
Potions
 c - 10 potions of curing
 d - 10 potions of lignification
 e - 8 potions of brilliance
 j - 3 potions of ambrosia
 p - 6 potions of cancellation
 r - a potion of invisibility
 s - 5 potions of mutation
 x - 8 potions of flight
 L - 9 potions of attraction
 O - 6 potions of resistance
 X - 2 potions of haste
Miscellaneous
 A - a phantom mirror (inert)
 H - a lightning rod (4/4)
 U - a box of beasts


   Skills:
 - Level 12.0 Fighting
 - Level 12.0 Dodging
 - Level 3.0 Stealth
 + Level 22.8 Spellcasting
 + Level 23.6 Conjurations
 + Level 23.6 Air Magic


You had 17 spell levels left.
You knew the following spells:

 Your Spells              Type           Power      Damage    Failure   Level
a - Magic Dart            Conj           100%       1d8       0%          1
b - Searing Ray           Conj           100%       2d8       0%          2
c - Iskenderun's Mystic   Conj/Tloc      100%       2d19      0%          4
d - Fulminant Prism       Conj/Hex       67%        3d28      0%          4
e - Static Discharge      Conj/Air       100%       2-7/arc   0%          2
f - Swiftness             Air            100%       N/A       0%          3
g - Airstrike             Air            96%        2d(14-30) 0%          4
h - Conjure Ball Lightni  Conj/Air       96%        3x3d37    0%          6
i - Orb of Destruction    Conj           83%        9d18      0%          7
j - Fireball              Conj/Fire      67%        3d25      0%          5
k - Iskenderun's Battles  Conj           100%       2d15      0%          5
l - Chain Lightning       Conj/Air       96%        3d128     1%          9

Your spell library contained the following spells:

 Spells                   Type           Power      Damage    Failure   Level
 Kiss of Death            Conj/Necr      100%       2d13      0%          1
 Shock                    Conj/Air       100%       1d9       0%          1
 Cigotuvi's Dreadful Rot  Necr/Pois/Air  100%       N/A       0%          2
 Poisonous Vapours        Pois/Air       100%       N/A       0%          2
 Dazzling Flash           Conj/Hex       100%       N/A       0%          3
 Hailstorm                Conj/Ice       100%       3d20      0%          3
 Mephitic Cloud           Conj/Pois/Air  100%       N/A       0%          3
 Stone Arrow              Conj/Erth      100%       3d13      0%          3
 Flame Wave               Conj/Fire      100%       2d21      0%          4
 Summon Lightning Spire   Summ/Air       100%       N/A       0%          4
 Irradiate                Conj/Tmut      67%        3d34      0%          5
 Silence                  Hex/Air        79%        N/A       0%          5
 Apportation              Tloc           100%       N/A       1%          1
 Beastly Appendage        Tmut           100%       N/A       1%          1
 Necrotise                Necr           100%       1d9       1%          1
 Slow                     Hex            100%       N/A       1%          1
 Sting                    Tmut/Pois      100%       1d8       1%          1
 Summon Small Mammal      Summ           100%       N/A       1%          1
 Ensorcelled Hibernation  Hex/Ice        100%       N/A       1%          2
 Lesser Beckoning         Tloc           100%       N/A       1%          2
 Scorch                   Fire           100%       2d9       1%          2
 Sublimation of Blood     Necr           73%        N/A       1%          2
 Wereblood                Tmut           73%        N/A       1%          2
 Confusing Touch          Hex            73%        N/A       1%          3
 Frozen Ramparts          Ice            100%       1d16      1%          3
 Gell's Gravitas          Tloc           73%        N/A       1%          3
 Spider Form              Tmut/Pois      73%        N/A       1%          3
 Teleport Other           Tloc           73%        N/A       1%          3
 Vampiric Draining        Necr           73%        2d11      1%          3
 Volatile Blastmotes      Fire/Tloc      100%       2d18      1%          3
 Anguish                  Hex/Necr       36%        N/A       1%          4
 Animate Armour           Summ/Erth      100%       N/A       1%          4
 Cause Fear               Hex            36%        N/A       1%          4
 Dispel Undead            Necr           73%        3d24      1%          4
 Ice Form                 Ice/Tmut       73%        N/A       1%          4
 Manifold Assault         Tloc           73%        N/A       1%          4
 Olgreb's Toxic Radiance  Pois           73%        N/A       1%          4
 Petrify                  Tmut/Erth      73%        N/A       1%          4
 Summon Ice Beast         Ice/Summ       73%        N/A       1%          4
 Iron Shot                Conj/Erth      67%        9d12      1%          6
 Starburst                Conj/Fire      67%        6d17      1%          6
 Spellforged Servitor     Conj/Summ      67%        N/A       1%          7
 Storm Form               Tmut/Air       79%        N/A       1%          7
 Maxwell's Capacitive Co  Air            96%        ∞         1%          8
 Agony                    Necr           73%        N/A       2%          5
 Alistair's Intoxication  Tmut/Pois      48%        N/A       2%          5
 Summon Forest            Summ/Tloc      36%        N/A       2%          5
 Summon Mana Viper        Hex/Summ       73%        N/A       2%          5
 Lehudib's Crystal Spear  Conj/Erth      67%        10d15     4%          8
 Dispersal                Tloc           36%        N/A       16%         6
 Eringya's Noxious Bog    Tmut/Pois      36%        N/A       16%         6
 Simulacrum               Ice/Necr       36%        N/A       16%         6
 Summon Cactus Giant      Summ           36%        N/A       16%         6
 Fire Storm               Conj/Fire      67%        8d17      63%         9
 Enfeeble                 Hex            36%        N/A       65%         7
 Haunt                    Necr/Summ      36%        N/A       65%         7
 Monstrous Menagerie      Summ           36%        N/A       65%         7
 Ozocubu's Refrigeration  Ice            36%        4d15      65%         7
 Summon Hydra             Summ           36%        N/A       65%         7
 Discord                  Hex            36%        N/A       100%        8
 Disjunction              Tloc           36%        N/A       100%        8
 Ignition                 Fire           36%        3d11      100%        8
 Infestation              Necr           36%        N/A       100%        8
 Death's Door             Necr           36%        N/A       100%        9
 Dragon's Call            Summ           36%        N/A       100%        9
 Polar Vortex             Ice            36%        N/A       100%        9
 Shatter                  Erth           36%        3d29*     100%        9


Dungeon Overview and Level Annotations

Branches:
Dungeon (15/15)            Temple (1/1) D:7            Lair (5/5) D:11
  Swamp (4/4) Lair:2        Snake (4/4) Lair:2        Slime (5/5) Lair:4
    Orc (2/2) D:9             Elf (3/3) Orc:2        Vaults (3/5) D:14
  Crypt (3/3) Vaults:2       Tomb (0/3) Crypt:3      Depths (4/4) D:15
    Zot (5/5) Depths:4     Bailey (visited)

Shops:
D:2 *   D:4 ?   D:11 (   D:15 *   Orc:1 =   Orc:2 !(*?   Snake:3 (
Snake:4 ?:?   Vaults:1 [   Depths:3 ==:

Portals:
Hell: Depths:1 Depths:2 Depths:3 Depths:4
Abyss: Depths:3
Pandemonium: Depths:1 Depths:2
Ziggurat: Depths:3

Annotations:
D:9 exclusion: obsidian statue
Depths:2 3 runed translucent doors
Zot:3 2 transporters


Innate Abilities, Weirdness & Mutations

You have an increased reservoir of magic. (+10% MP)
You shall have no god before yourself.
Your divine heritage dramatically boosts your attributes as you level up.
You are partially covered in iridescent scales. (AC +2)
Your flesh is cold resistant. (rC+)
Your spells are a little easier to cast, but a little less powerful.


Message History

You feel better. The Orb Guardian hits you!
* * * LOW HITPOINT WARNING * * *
The Killer Klown blinks!
The Orb Guardian hits you but does no damage.
Unknown command.
You hit the Orb Guardian.
The Orb Guardian is electrocuted!!
You kill the Orb Guardian!
A purple draconian comes into view. It is wielding a +0 dire flail.
The Killer Klown pies you viciously! The klown pie hits you!
Plum!
You feel light-headed.
* * * LOW HITPOINT WARNING * * *
Casting: Chain Lightning (dangerous; 1% risk of failure)
Press: ? - help, Q - select action, (/) - cycle Dir - look around, f - activate You feel a strong surge of power!
Lightning arcs from your hands!
The bolt of lightning hits the Killer Klown!!!!!
You kill the Killer Klown!
The bolt of lightning hits the purple draconian!!!
The purple draconian is severely wounded.
A moth of wrath comes into view.
Unknown command.
An Orb Guardian comes into view.
The purple draconian breathes dispelling energy at you.
The bolt of dispelling energy hits you!!
You feel strangely stable.
Your magical effects are unravelling.
* * * LOW HITPOINT WARNING * * *
Okay, then.
Press: ? - help, v - describe, . - travel An unnaturally hard rock wall.
Okay, then.
Press: ? - help, v - describe, . - travel
Here: a purple draconian, wielding a +0 dire flail (severely wounded, catching its breath)
The floor.
Unknown command.
You fade into invisibility!
The sentinel's mark upon you fades away.
The world stops spinning.
An Orb Guardian comes into view.
The Orb Guardian hits you!
You die...

##..................## #...
#....................# ##..
#..........[)........# #..
#...........)).......# ##..
#.............^......# #...
#......)^............# ##...
#............^.......###....
##..................###^..##
##^.......@....y.^##....##
##..^...X.....)d.))..###
▓▓^...X##▓▓▓▓▓▓▓▓▓▓▓#
▓▓........X......▓
▓▓....†............
▓▓..................
▓..................^
▓.........)..XX.....
▓..................


You could see a purple draconian (unable to see you, catching breath), 2 Orb
Guardians and a moth of wrath (unable to see you).

Vanquished Creatures
  the Royal Jelly (Slime:5)
  2 dread liches (Zot:5)
  3 ancient liches
  3 orbs of fire (Zot:5)
  A juggernaut (Depths:3)
  Josephina (Crypt:1)
  Boris (Crypt:1)
  Parghit (Zot:2)
  8 Killer Klowns
  Saint Roka (Snake:3)
  3 curse toes
  Bai Suzhen (Crypt:1)
  2 caustic shrikes (Depths:3)
  The ghost of TuffENuff the Unspoiled, a veteran FoFi of Qazlal (Vaults:2)
  10 golden dragons
  2 bone dragons
  3 electric golems
  11 tentacled monstrosities
  Zenata (Crypt:1)
  Mlioglotl (Snake:3)
  Jorgrun (Swamp:3)
  23 Orb Guardians (Zot:5)
  2 titans
  4 liches
  3 deep elf blademasters (Elf:3)
  A walking frostbound tome (Depths:3)
  3 deep elf master archers (Elf:3)
  5 quicksilver dragons
  2 sphinxes
  6 ancient champions
  19 acid blobs
  4 shadow dragons
  Agnes (D:15)
  7 death cobs
  11 storm dragons
  Donald (Swamp:3)
  A thorn hunter (Swamp:1)
  3 fenstrider witches
  4 draconian monks
  A revenant (Crypt:3)
  17 rockslimes
  9 nagarajas
  7 draconian knights
  An iron dragon (Depths:4)
  8 deep elf sorcerers
  5 frost giants
  3 fire giants
  10 azure jellies
  2 caustic shrike zombies (Crypt:1)
  8 vault wardens
  Aizul (Snake:2)
  2 draconian shifters
  2 draconian scorchers
  2 orc warlords
  9 deep elf elementalists (Elf:3)
  5 ghost moths
  A draconian stormcaller (Zot:2)
  3 curse skulls
  A ghoul (Crypt:1)
  2 spriggan defenders
  16 quicksilver oozes
  12 ironbound preservers
  25 very ugly things
  2 war gargoyles (Vaults:3)
  7 vampire knights
  12 stone giants
  4 draconian annihilators
  9 ironbound thunderhulks
  11 green draconians
  8 deep elf annihilators (Elf:3)
  10 black draconians
  Azrael (D:15)
  A lorocyproca (Depths:1)
  10 red draconians
  5 deep elf demonologists (Elf:3)
  An eleionoma (Swamp:1)
  5 spark wasps
  5 yellow draconians
  9 white draconians
  11 dire elephants
  15 purple draconians
  4 eidola
  9 deep elf death magi
  5 jiangshi
  Snorg (Orc:1)
  11 fire dragons
  An entropy weaver (Vaults:1)
  6 ettins
  13 great orbs of eyes
  8 deep elf high priests
  2 shambling mangroves (Swamp:2)
  6 yaktaur captains
  2 spriggan zombies
  5 ghost crabs
  Fannar (Lair:1)
  10 vault guards
  11 hydras
  A fenstrider witch zombie (Crypt:2)
  8 ice dragons
  A hell beast (Depths:1)
  5 spriggan air magi
  A peacekeeper (Vaults:3)
  An ogre mage (D:15)
  2 ironbound frosthearts
  A salamander tyrant (Snake:4)
  The ghost of kalagan the Thaumaturge, a journeyman DECj of Sif Muna (Lair:2)
  3 centaur warriors
  2 catoblepae
  34 dancing weapons
  7 boulder beetles
  12 anacondas
  4 deep troll earth magi
  An alligator (Swamp:4)
  4 death knights
  3 death yaks
  An Orb Guardian skeleton (Crypt:1)
  11 naga warriors
  3 deep troll shamans
  7 two-headed ogres
  16 naga sharpshooters
  5 vampire magi
  Urug (Lair:2)
  5 tengu warriors
  6 shock serpents
  8 spriggan berserkers
  20 deep elf knights
  6 soul eaters
  A hell knight (Vaults:3)
  The ghost of JPNDWG the Protected, a novice MiFi of Okawaru (D:8)
  A storm dragon zombie (Depths:1)
  2 shadow wraiths (Crypt:2)
  A sixfirhy (Depths:1)
  2 salamander mystics (Snake:4)
  2 iron trolls
  An anaconda zombie (Crypt:2)
  2 goliath frogs
  14 skeletal warriors
  A fire crab (Lair:3)
  A spectral anaconda (Lair:5)
  54 deep trolls
  7 flayed ghosts
  A bunyip zombie (Crypt:2)
  8 sea snakes
  A golden dragon zombie (Crypt:1)
  14 deep elf archers
  5 spriggan druids
  9 bog bodies
  3 spectral hydras (Swamp:4)
  4 naga ritualists
  An obsidian statue (Lair:5)
  A harpy (Vaults:1)
  10 ironbound convokers
  A shadow demon (Depths:1)
  5 wizards
  5 glowing orange brains
  12 orc knights
  8 phantasmal warriors
  9 necromancers
  An iron dragon zombie (Depths:2)
  Pikel (D:7)
  34 deep elf zephyrmancers
  9 mana vipers
  14 lindwurms
  A spriggan simulacrum (Crypt:1)
  41 deep elf pyromancers
  3 orc sorcerers
  25 ugly things
  8 shining eyes
  2 stone giant zombies
  A manticore (D:13)
  12 salamanders
  2 cyclopes
  2 dire elephant zombies
  21 elephants
  2 will-o-the-wisps (Swamp:4)
  24 moths of wrath
  12 vault sentinels
  A fire giant skeleton (Depths:2)
  An eye of devastation (Slime:2)
  A centaur zombie (Crypt:2)
  33 black mambas
  6 guardian serpents (Snake:4)
  Maggie (Lair:1)
  A titan simulacrum (Crypt:1)
  16 naga magi
  2 orange demons (Depths:1)
  12 cane toads
  A minotaur zombie (Crypt:3)
  2 gargoyles
  5 unseen horrors
  A rime drake (shapeshifter) (Depths:4)
  3 komodo dragons
  3 torpor snails
  2 efreet
  19 yaktaurs
  3 kobold demonologists
  7 freezing wraiths
  4 swamp worm zombies (Swamp:4)
  6 tengu conjurers
  6 bloated husks
  A hellwing (Depths:2)
  7 guardian mummies
  4 polar bears
  4 meliai
  A queen bee (Lair:2)
  3 hydra zombies (Swamp:4)
  6 trolls
  A merfolk (shapeshifter) (Depths:3)
  12 tyrant leeches
  A tarantella (shapeshifter) (Elf:3)
  A mana viper skeleton (Crypt:3)
  2 tarantellas (Vaults:1)
  17 hornets
  A spectral elephant (Lair:5)
  3 spectral swamp dragons (Swamp:4)
  13 blink frogs
  4 dream sheep (Lair:3)
  4 alligator zombies (Swamp:4)
  A black mamba zombie (Crypt:1)
  A harpy skeleton (Crypt:2)
  155 slime creatures
  A frost giant simulacrum (Depths:1)
  8 flying skulls
  2 ettin zombies
  20 spriggans
  4 air elementals
  A culicivora (Vaults:1)
  5 wyverns
  A centaur simulacrum (Crypt:1)
  2 ettin skeletons
  64 yaks
  3 vampires
  4 water elementals
  2 shadows (D:12)
  6 basilisks
  8 fire elementals
  5 wraiths
  7 golden eyes
  An alligator snapping turtle simulacrum (Crypt:1)
  4 steam dragons
  8 vampire mosquitoes
  A chaos spawn (Depths:1)
  A glowing shapeshifter zombie (Depths:2)
  8 wargs
  3 death yak simulacra (Lair:5)
  A harpy simulacrum (Crypt:1)
  23 water moccasins
  A deep troll zombie (Crypt:1)
  A spectral cane toad (Lair:5)
  15 swamp worms
  47 nagas
  2 hell hounds (D:15)
  3 acid dragons
  A demonspawn skeleton (Crypt:1)
  Duvessa (D:6)
  A floating eye (Slime:5)
  55 orc warriors
  A sky beast (D:5)
  An ice beast (Vaults:2)
  A black bear (shapeshifter) (Elf:2)
  4 swamp drakes
  2 black bears
  4 swamp dragon zombies (Swamp:4)
  4 ogres
  4 wolves
  An elephant zombie (Crypt:3)
  A lindwurm skeleton (Crypt:3)
  A snapping turtle skeleton (Crypt:3)
  10 centaurs
  An elephant skeleton (Lair:5)
  2 kobold brigands
  A yaktaur zombie (Crypt:2)
  8 phantoms
  18 bullfrogs
  A rime drake skeleton (Crypt:3)
  A cyclops zombie (Crypt:3)
  A wyvern skeleton (Crypt:3)
  6 earth elementals
  8 scorpions
  13 wights
  A troll zombie (Crypt:2)
  15 killer bees
  A polar bear zombie (Crypt:1)
  Dowan (D:6)
  An elephant simulacrum (Lair:5)
  A spriggan skeleton (Crypt:1)
  9 electric eels
  2 howler monkeys
  A polar bear skeleton (Crypt:2)
  4 quasits (D:8)
  2 hounds
  A bullfrog skeleton (Crypt:2)
  17 orc priests
  5 human zombies
  5 jellies
  2 iguanas
  27 orc wizards
  2 gnoll boudas
  2 spectral swamp drakes (Swamp:4)
  12 hell rats
  An ogre skeleton (Crypt:2)
  12 mummies
  A howler monkey zombie (Crypt:2)
  Robin (D:2)
  8 gnolls
  5 adders
  7 river rats (Lair:3)
  A shadow imp (D:7)
  3 white imps
  6 worms
  4 dart slugs
  An iguana skeleton (Crypt:1)
  121 orcs
  8 bats
  6 endoplasms
  4 giant cockroaches
  18 goblins
  10 hobgoblins
  14 quokkas
  6 ball pythons
  4 frilled lizards
  11 kobolds
  A kobold zombie (Crypt:1)
  A quokka zombie (Crypt:2)
  21 rats
  A butterfly (D:7)
  2 fulminant prisms
2294 creatures vanquished.

Vanquished Creatures (collateral kills)
  2 very ugly things (Depths:2)
  An ice dragon (Depths:2)
  A moth of wrath (Zot:5)
  7 ball lightnings
11 creatures vanquished.

Vanquished Creatures (others)
  A deep elf zephyrmancer (Elf:3)
  A bloated husk (Swamp:4)
  A slime creature (D:15)
  2 phantoms (Swamp:4)
  An orc wizard (Orc:1)
  3 orcs
  72 ball lightnings
  2 foxfires (Swamp:4)
  142 fulminant prisms
225 creatures vanquished.

Grand Total: 2530 creatures vanquished

Notes
Turn   | Place    | Note
-------+----------+-------------------------------------------
     0 | D:1      | Gabide the Demigod Conjurer began the quest for the Orb.
     0 | D:1      | Reached XP level 1. HP: 14/14 MP: 5/5
   601 | D:1      | Reached XP level 2. HP: 22/22 MP: 2/7
  1456 | D:2      | Reached XP level 3. HP: 15/27 MP: 0/8
  1587 | D:2      | Reached skill level 1 in Fighting
  1918 | D:2      | Learned a level 2 spell: Searing Ray
  1920 | D:2      | Learned a level 1 spell: Kiss of Death
  2020 | D:2      | Noticed Robin
  2024 | D:2      | Killed Robin
  2236 | D:2      | Found Beupuoce's Assorted Antiques.
  2267 | D:2      | Noticed a sun demon
  2296 | D:2      | Reached XP level 4. HP: 35/35 MP: 3/10
  3185 | D:3      | Reached XP level 5. HP: 41/41 MP: 5/11
  3777 | D:3      | Found a runed translucent door.
  3778 | D:3      | Noticed Crazy Yiuf
  3816 | D:3      | Crazy Yiuf changed into Crazy Yiuf the jelly
  3816 | D:3      | Noticed Crazy Yiuf
  3820 | D:3      | Killed Crazy Yiuf the jelly
  4312 | D:4      | Noticed an ogre
  4328 | D:4      | Killed an ogre
  4329 | D:4      | Reached XP level 6. HP: 50/50 MP: 4/13
  4821 | D:4      | Identified the +1 robe of Fulioj {rElec rN+}
  5338 | D:4      | Found Egoitie's Magic Scroll Boutique.
  5545 | D:5      | Entered Level 5 of the Dungeon
  5607 | D:5      | Reached skill level 5 in Conjurations
  5694 | D:5      | Reached XP level 7. HP: 53/57 MP: 7/16
  6990 | D:6      | Noticed Dowan
  6999 | D:6      | Noticed Duvessa
  7033 | D:6      | Noticed a steam dragon
  7140 | D:6      | Reached skill level 5 in Spellcasting
  7377 | D:6      | Killed a steam dragon
  7385 | D:6      | Reached XP level 8. HP: 45/63 MP: 8/20
  7808 | D:6      | Killed Dowan
  7808 | D:6      | Killed Duvessa
  8504 | D:6      | Learned a level 4 spell: Iskenderun's Mystic Blast
  8509 | D:6      | Learned a level 4 spell: Fulminant Prism
  8786 | D:6      | Reached XP level 9. HP: 46/71 MP: 2/23
  9192 | D:7      | Found a staircase to the Ecumenical Temple.
  9208 | Temple   | Entered the Ecumenical Temple
  9312 | D:7      | Noticed Pikel
  9316 | D:7      | Killed Pikel
  9729 | D:8      | Identified the +2 ring mail "Wablum" {Harm Rampage Str-5}
  9904 | D:8      | Found a flagged portal.
  9929 | Bailey   | Entered a bailey
 10406 | Bailey   | Reached skill level 5 in Fighting
 10516 | Bailey   | Reached skill level 5 in Dodging
 10788 | Bailey   | Reached XP level 10. HP: 49/78 MP: 11/26
 10999 | D:8      | Found a transporter.
 12008 | D:8      | Found a transporter.
 12014 | D:8      | Noticed JPNDWG's ghost (novice MiFi)
 12389 | D:8      | Killed JPNDWG's ghost
 12972 | D:9      | Noticed a two-headed ogre
 12979 | D:9      | Killed a two-headed ogre
 13109 | D:9      | Learned a level 2 spell: Static Discharge
 13514 | D:9      | Found a staircase to the Orcish Mines.
 13628 | D:9      | Noticed an obsidian statue
 13699 | D:9      | Noticed a rust devil
 13890 | D:9      | Noticed a soul eater
 13911 | D:10     | Entered Level 10 of the Dungeon
 14469 | D:10     | Reached skill level 10 in Conjurations
 14469 | D:10     | Reached XP level 11. HP: 89/89 MP: 12/28
 14549 | D:10     | Identified a scroll of acquirement
 14549 | D:10     | Acquired the Elucidation of Shocking Geometry
 15005 | D:11     | Found Utrot's Weapon Emporium.
 15006 | D:11     | Noticed a catoblepas
 15017 | D:11     | Killed a catoblepas
 15450 | D:11     | Noticed a death yak
 15588 | D:11     | You fall into a shaft and drop 2 floors!
 15644 | D:13     | Reached skill level 10 in Spellcasting
 15652 | D:13     | Noticed a two-headed ogre
 15811 | D:12     | Reached XP level 12. HP: 96/96 MP: 21/32
 15854 | D:12     | HP: 4/96 [something (32)]
 16315 | D:11     | Reached skill level 1 in Air Magic
 16462 | D:11     | Noticed a boulder beetle
 16707 | D:10     | Killed a boulder beetle
 17168 | D:11     | Found a staircase to the Lair.
 17457 | Lair:1   | Entered Level 1 of the Lair of Beasts
 17532 | Lair:1   | Noticed Fannar
 17564 | Lair:1   | Killed Fannar
 17565 | Lair:1   | Reached skill level 5 in Air Magic
 17577 | Lair:1   | Noticed Maggie
 17598 | Lair:1   | Killed Maggie
 18056 | D:4      | Bought a scroll of acquirement for 624 gold pieces
 18056 | D:4      | Acquired 596 gold pieces
 18119 | D:2      | Bought a potion of heal wounds for 140 gold pieces
 18119 | D:2      | Bought a scroll of identify for 56 gold pieces
 18119 | D:2      | Bought a dark potion for 25 gold pieces
 18119 | D:2      | Bought a pair of embroidered gloves for 210 gold pieces
 18192 | D:4      | Bought a scroll of identify for 24 gold pieces
 18192 | D:4      | Bought a scroll of identify for 24 gold pieces
 18192 | D:4      | Bought a scroll of enchant armour for 90 gold pieces
 18192 | D:4      | Bought a scroll of teleportation for 36 gold pieces
 18192 | D:4      | Bought a scroll of identify for 24 gold pieces
 18192 | D:4      | Bought a scroll of teleportation for 36 gold pieces
 19007 | Lair:2   | Reached XP level 13. HP: 91/102 MP: 5/33
 19092 | Lair:2   | Noticed Urug
 19096 | Lair:2   | Noticed kalagan's ghost (journeyman DECj)
 19131 | Lair:2   | Killed Urug
 19218 | Lair:2   | Found a transporter.
 19218 | Lair:2   | Found a transporter.
 19310 | Lair:2   | Found a staircase to the Swamp.
 19328 | Lair:2   | Identified the +5 rapier "Cechufuo" {flame, Will- Int+5}
 19346 | Lair:2   | Found a staircase to the Snake Pit.
 19883 | Lair:2   | Killed kalagan's ghost
 20001 | Lair:3   | Learned a level 3 spell: Swiftness
 20006 | Lair:3   | Learned a level 4 spell: Airstrike
 20444 | Lair:3   | Reached skill level 10 in Air Magic
 21412 | Lair:3   | Learned a level 6 spell: Conjure Ball Lightning
 21903 | Lair:4   | Found a staircase to the Slime Pits.
 22564 | Lair:4   | Reached XP level 14. HP: 106/113 MP: 24/35
 22896 | Lair:5   | Entered Level 5 of the Lair of Beasts
 24723 | Lair:5   | Learned a level 7 spell: Orb of Destruction
 27037 | D:14     | Identified the +3 falchion "Yropehosh" {spect, +Blink rCorr
                  | Str+2 Int+3}
 27189 | D:14     | Found a gate to the Vaults.
 27933 | D:15     | Entered Level 15 of the Dungeon
 27972 | D:14     | Reached XP level 15. HP: 124/124 MP: 18/36
 28304 | D:15     | Found Kooqiyt's General Store.
 28311 | D:15     | Noticed Agnes
 28314 | D:15     | Killed Agnes
 28378 | D:15     | Noticed Azrael
 28386 | D:15     | Killed Azrael
 28963 | D:15     | Found a staircase to the Depths.
 29566 | Orc:1    | Entered Level 1 of the Orcish Mines
 29774 | Orc:2    | Entered Level 2 of the Orcish Mines
 29774 | Orc:2    | Noticed Snorg
 29916 | Orc:1    | Killed Snorg
 30804 | Orc:2    | Found a staircase to the Elven Halls.
 31074 | Orc:2    | Found Istob's Distillery.
 31074 | Orc:2    | Found Uzuakk's Weapon Boutique.
 31079 | Orc:2    | Bought a potion of haste for 100 gold pieces
 31168 | Orc:2    | Found Gaigg's Assorted Antiques.
 31168 | Orc:2    | Found Cefatera's Magic Scroll Boutique.
 31207 | Orc:2    | Bought a scroll of teleportation for 39 gold pieces
 31207 | Orc:2    | Bought a scroll of teleportation for 39 gold pieces
 31207 | Orc:2    | Bought a scroll of enchant armour for 97 gold pieces
 31207 | Orc:2    | Bought a scroll of blinking for 97 gold pieces
 31707 | Orc:1    | Found Beub's Jewellery Shoppe.
 31714 | Orc:1    | Bought the ring of the Seer {rElec rPois rC- MP+9 Dex+8}
                  | for 576 gold pieces
 31993 | Swamp:1  | Entered Level 1 of the Swamp
 32122 | Swamp:1  | Noticed a fenstrider witch
 32132 | Swamp:1  | Killed a fenstrider witch
 32432 | Swamp:1  | Noticed a thorn hunter
 32439 | Swamp:1  | Killed a thorn hunter
 33029 | Swamp:1  | Paralysed by a hornet for 2 turns
 33426 | Swamp:2  | Identified the +0 kite shield "Leys" {Str+5 Dex+3}
 33465 | Swamp:2  | Noticed a fenstrider witch
 33468 | Swamp:2  | Killed a fenstrider witch
 33534 | Swamp:2  | Identified the +1 leather armour of Poor Excuses {rN+
                  | Dex+4}
 33902 | Swamp:3  | Noticed Donald
 33996 | Swamp:3  | Noticed Jorgrun
 33997 | Swamp:3  | Learned a level 5 spell: Fireball
 34003 | Swamp:3  | Killed Jorgrun
 34004 | Swamp:3  | Reached XP level 16. HP: 98/132 MP: 9/39
 34223 | Swamp:3  | Reached XP level 17. HP: 137/137 MP: 37/40
 34277 | Swamp:3  | Killed Donald
 34715 | Swamp:4  | Entered Level 4 of the Swamp
 35174 | Swamp:4  | Identified the +1 short sword of Gabide's Woe {flame,
                  | *Noise rPois Int+4}
 35753 | Swamp:4  | Noticed a bone dragon
 35756 | Swamp:4  | Reached skill level 15 in Conjurations
 35951 | Swamp:4  | Reached skill level 15 in Air Magic
 36099 | Swamp:4  | Killed a bone dragon
 36280 | Swamp:4  | Got a decaying rune of Zot
 36667 | Snake:1  | Entered Level 1 of the Snake Pit
 37364 | Snake:1  | Identified the ring "Aluc" {rF+ MP+9}
 37987 | Snake:2  | Noticed Aizul
 37993 | Snake:2  | Killed Aizul
 38204 | Snake:2  | Reached skill level 15 in Spellcasting
 39845 | Snake:3  | Noticed Mlioglotl
 39848 | Snake:3  | Killed Mlioglotl
 39992 | Snake:3  | Noticed Saint Roka
 40037 | Snake:3  | Killed Saint Roka
 40559 | Snake:3  | Found Poha's Antique Weapon Emporium.
 41525 | Snake:4  | Entered Level 4 of the Snake Pit
 41906 | Snake:4  | Found Keusch's Magic Scroll Shop.
 41909 | Snake:4  | Found Radigol's Armour Boutique.
 41909 | Snake:4  | Found Unos's Book Shop.
 41943 | Snake:4  | Found Muwuso's Magic Scroll Boutique.
 41949 | Snake:4  | Bought a scroll of enchant armour for 112 gold pieces
 41977 | Snake:4  | Reached XP level 18. HP: 145/145 MP: 32/43
 42495 | Snake:4  | Identified the +6 scale mail of Koveteof {Rampage Drain
                  | rN+}
 44551 | Snake:4  | Got a serpentine rune of Zot
 44832 | Depths:1 | Entered Level 1 of the Depths
 45534 | Depths:1 | Found a gateway to Hell.
 46613 | Depths:1 | Found a one-way gate leading to the halls of Pandemonium.
 48466 | Depths:2 | Reached XP level 19. HP: 67/151 MP: 3/45
 48676 | Depths:2 | Identified the +0 pair of gloves of Cag Vas {+Blink rN+}
 49798 | Depths:3 | Found a one-way gate to the infinite horrors of the Abyss.
 49896 | Depths:3 | Found Epluphuts's Jewellery Emporium.
 49897 | Depths:3 | Found Awuyq's Book Boutique.
 49898 | Depths:3 | Found Teim Oph's Jewellery Emporium.
 50405 | Depths:3 | Found a one-way gateway to a ziggurat.
 51065 | Depths:3 | Noticed a golden dragon
 51205 | Depths:3 | Killed a golden dragon
 51463 | Depths:3 | Noticed a caustic shrike
 51466 | Depths:3 | Killed a caustic shrike
 51661 | Depths:3 | Noticed a caustic shrike
 51662 | Depths:3 | Noticed a juggernaut
 51723 | Depths:3 | Killed a juggernaut
 51805 | Depths:3 | Killed a caustic shrike
 51826 | Depths:3 | Found the +5 glaive of the Guard {elec, spectral, AC+5}
 51923 | Depths:3 | Acquired a staff of air
 51945 | Depths:4 | Entered Level 4 of the Depths
 53566 | Depths:2 | Found a runed translucent door.
 53584 | Depths:2 | Noticed a golden dragon
 53589 | Depths:2 | Found a runed translucent door.
 53663 | Depths:2 | Killed a golden dragon
 53699 | Depths:2 | Found a runed translucent door.
 53702 | Depths:2 | Found a runed translucent door.
 53848 | Depths:2 | Identified the +2 dagger "Zataa" {flame, *Corrode rElec rC+
                  | Str+4}
 53881 | Depths:2 | Identified the +6 short sword of Leucsis {elec, rElec
                  | rCorr}
 53883 | Depths:2 | Identified the ring "Amur" {rF+ rN+ Will+ Str+6}
 53889 | Depths:2 | Identified the staff of fire "Elilyheo" {rF+ rC+ Will+
                  | Int-5}
 53890 | Depths:2 | Identified the +3 lajatang "Giantslayer" {heavy, rElec rF+
                  | Will+ Int-5}
 53891 | Depths:2 | Identified the +3 war axe "Hydrabane" {venom, SInv}
 53898 | Depths:2 | Identified the +8 trident "Saofim" {venom, Will++}
 53908 | Depths:2 | Identified the +0 scale mail of Resonance {+Blink Will+
                  | Int+3}
 54197 | Depths:4 | Identified the +4 battleaxe "Cemmieph" {freeze, rElec Int+2
                  | Stlth+}
 54588 | Depths:4 | Reached skill level 10 in Fighting
 54588 | Depths:4 | Reached skill level 10 in Dodging
 54753 | Depths:4 | Noticed a bone dragon
 54760 | Depths:4 | Killed a bone dragon
 55071 | Depths:4 | Reached XP level 20. HP: 162/162 MP: 9/48
 55882 | Depths:4 | Found a gate to the Realm of Zot.
 55890 | Depths:4 | Learned a level 5 spell: Iskenderun's Battlesphere
 56052 | Vaults:1 | Entered Level 1 of the Vaults
 57972 | Vaults:1 | Found Faithy's Armour Boutique.
 59257 | Vaults:2 | Identified the +0 pair of boots of Failunt {*Corrode *Slow
                  | rPois Str+8}
 59489 | Vaults:2 | Identified the +3 leather armour "Mougoser" {Str+3}
 60547 | Vaults:2 | Found a staircase to the Crypt.
 61086 | Vaults:2 | Found a runed translucent door.
 61086 | Vaults:2 | Noticed TuffENuff's ghost (veteran FoFi)
 61442 | Vaults:2 | Killed TuffENuff's ghost
 62437 | Vaults:3 | Reached XP level 21. HP: 152/174 MP: 36/49
 62893 | Vaults:3 | Identified the +0 leather armour of Gaelahix {rN+}
 63974 | Vaults:3 | Learned a level 9 spell: Chain Lightning
 64333 | Elf:1    | Entered Level 1 of the Elven Halls
 64758 | Elf:1    | Paralysed by an air elemental for 1 turns
 65364 | Elf:1    | Got the Anthology of Force and the Mob
 65405 | Elf:1    | Acquired 793 gold pieces
 66911 | Elf:2    | Found a runed translucent gate.
 66912 | Elf:2    | Found a runed translucent gate.
 66912 | Elf:2    | Found a runed translucent gate.
 67966 | Elf:3    | Entered Level 3 of the Elven Halls
 68737 | Elf:3    | Identified the staff of air "Yshyxtoast" {rElec rPois
                  | Str+3}
 69443 | Elf:3    | Identified the staff of fire "Eschost" {rF+ rC- rCorr
                  | Int+3}
 69534 | Elf:3    | Identified the +11 quarterstaff of the Genius {drain, rF-
                  | Str+3 Int+3 Dex+8}
 69563 | Elf:3    | Reached XP level 22. HP: 181/181 MP: 42/52
 69682 | Elf:3    | Identified the staff of air "Valemowe" {rElec Int+2}
 69684 | Elf:3    | Identified the staff of earth "Jixkoinyme" {Fly Will+}
 70453 | Elf:3    | Acquired the staff of conjuration "Batsiuch" {MP+9}
 70548 | Elf:3    | Got Sif Muna's Guide on Attacks and the Storm
 70726 | Elf:3    | Identified the +0 shortbow "Warua" {freeze, rPois rN+
                  | Int+2}
 70779 | Elf:3    | Identified the +1 shortbow "Earthworm" {flame, Fragile rF+
                  | Str+2}
 71128 | Slime:1  | Entered Level 1 of the Pits of Slime
 75396 | Slime:5  | Entered Level 5 of the Pits of Slime
 75571 | Slime:5  | Noticed the Royal Jelly
 76033 | Slime:5  | Killed the Royal Jelly
 76374 | Slime:5  | Gained mutation: Your body sometimes deteriorates upon
                  | taking damage. [a shining eye]
 76508 | Slime:5  | Got a slimy rune of Zot
 76531 | Slime:5  | Got the Vademecum on Transposed Poison
 76552 | Slime:5  | Identified the staff of earth "Goiqo" {rC+ Stlth+}
 76560 | Slime:5  | Identified the +10 war axe "Girghit" {flame, SInv}
 76563 | Slime:5  | Got the Textbook on the Spider and the Crypt
 76577 | Slime:5  | Identified the amulet of the Thieving Fool {Regen+ Int+5
                  | Dex-5 Slay+2 SInv}
 77733 | Crypt:1  | Entered Level 1 of the Crypt
 77761 | Crypt:1  | Noticed Bai Suzhen
 78009 | Crypt:1  | Noticed Boris
 78012 | Crypt:1  | Killed Boris
 78013 | Crypt:1  | Killed Bai Suzhen
 78485 | Crypt:1  | Reached XP level 23. HP: 188/188 MP: 44/54
 79203 | Crypt:1  | Noticed Zenata
 79212 | Crypt:1  | Killed Zenata
 79527 | Crypt:1  | Identified the ring "Vim Qefea" {Ice Str+4}
 79527 | Crypt:1  | Noticed Josephina
 79530 | Crypt:1  | Killed Josephina
 81943 | Crypt:2  | Identified the +4 short sword of the Wonderful God {freeze,
                  | Dex+3}
 82231 | Crypt:2  | Lost mutation: Your body sometimes deteriorates upon taking
                  | damage. [potion of mutation]
 82231 | Crypt:2  | Gained mutation: You occasionally shout uncontrollably at
                  | your foes. [potion of mutation]
 82231 | Crypt:2  | Gained mutation: You are partially covered in iridescent
                  | scales. (AC +2) [potion of mutation]
 82935 | Crypt:2  | Got the Secrets of Stolen Souls
 82957 | Crypt:3  | Entered Level 3 of the Crypt
 84385 | Crypt:3  | Found a staircase to the Tomb.
 84799 | Crypt:3  | Noticed an ancient lich
 84799 | Crypt:3  | Noticed an ancient lich
 84818 | Crypt:3  | Identified the -1 pair of boots "Loliheuh" {-Cast rElec
                  | rPois rC+++}
 84820 | Crypt:3  | Killed an ancient lich
 84821 | Crypt:3  | Killed an ancient lich
 85281 | Zot:1    | Entered Level 1 of the Realm of Zot
 85587 | Zot:1    | Identified the +1 falchion of Offence {pain, rPois rF+
                  | Int-4}
 87064 | Zot:2    | Noticed a Killer Klown
 87084 | Zot:2    | Killed a Killer Klown
 87331 | Zot:2    | Noticed Parghit
 87333 | Zot:2    | Killed Parghit
 89319 | Zot:3    | Reached XP level 24. HP: 184/195 MP: 29/55
 89823 | Zot:3    | Found a transporter.
 90383 | Zot:3    | Found a transporter.
 90883 | Zot:3    | Acquired 778 gold pieces
 92676 | Zot:5    | Entered Level 5 of the Realm of Zot
 92894 | Zot:5    | Noticed an ancient lich
 92894 | Zot:5    | Noticed an orb of fire
 92894 | Zot:5    | Noticed a Killer Klown
 92894 | Zot:5    | Noticed a Killer Klown
 92894 | Zot:5    | Noticed an orb of fire
 92896 | Zot:5    | Noticed a Killer Klown
 92896 | Zot:5    | Noticed a Killer Klown
 92897 | Zot:5    | HP: 6/195 [orb of fire/bolt of fire (24)]
 92899 | Zot:5    | Killed a Killer Klown
 92899 | Zot:5    | Killed a Killer Klown
 92900 | Zot:5    | Killed an orb of fire
 92900 | Zot:5    | Killed an orb of fire
 92900 | Zot:5    | Killed an ancient lich
 92902 | Zot:5    | Killed a Killer Klown
 92902 | Zot:5    | Killed a Killer Klown
 92902 | Zot:5    | HP: 9/195 [electric golem/bolt of lightning (7)]
 92902 | Zot:5    | HP: 1/195 [electric golem/bolt of lightning (8)]
 92961 | Zot:5    | Noticed a Killer Klown
 92966 | Zot:5    | Noticed an orb of fire
 92967 | Zot:5    | Gained mutation: You occasionally lose the ability to drink
                  | potions when taking damage. [an orb of fire]
 92968 | Zot:5    | Gained mutation: You are mostly covered in iridescent
                  | scales. (AC +4) [an orb of fire]
 92969 | Zot:5    | Killed a Killer Klown
 92972 | Zot:5    | Killed an orb of fire
 92975 | Zot:5    | Noticed a Killer Klown
 92979 | Zot:5    | Noticed a dread lich
 92981 | Zot:5    | Lost mutation: You occasionally shout uncontrollably at
                  | your foes. [potion of mutation]
 92981 | Zot:5    | Lost mutation: You occasionally lose the ability to drink
                  | potions when taking damage. [potion of mutation]
 92981 | Zot:5    | Lost mutation: You are mostly covered in iridescent scales.
                  | (AC +4) [potion of mutation]
 92981 | Zot:5    | Gained mutation: Your spells are a little easier to cast,
                  | but a little less powerful. [potion of mutation]
 92981 | Zot:5    | Gained mutation: Your flesh is cold resistant. (rC+)
                  | [potion of mutation]
 94866 | Zot:5    | Noticed a dread lich
 94869 | Zot:5    | Noticed a Killer Klown
 94870 | Zot:5    | Killed a dread lich
 94872 | Zot:5    | Killed a Killer Klown
 95081 | Zot:5    | Killed a dread lich
 95320 | Zot:5    | Reached XP level 25. HP: 166/202 MP: 0/56
 95328 | Zot:5    | HP: 5/202 [purple draconian/bolt of dispelling energy (35)]
 95329 | Zot:5    | Mangled by an Orb Guardian

Illustrated notes

Levels and vault maps discovered:
D:1:      dpeg_arrival_prison, layout_loops_ring, corner_web_ring
D:2:      minmay_thinvault, layout_basic, serial_shops,
          nicolae_shop_hallway_stairs, dreamdust_ecumenical_altar_sealed_demon,
          uniq_robin
D:3:      layout_basic, mainiacjoe_overflow_alcove_2,
          mainiacjoe_overflow_alcove_1, nrook_mini_backslash,
          uniq_crazy_yiuf_cottage
D:4:      layout_layer_cave, cheibriados_altar_1, serial_shops, shop
D:5:      layout_rooms, mainiacjoe_overflow_brackets, serial_rivers,
          chequers_serial_rivers_micro_e, chequers_serial_rivers_micro_d,
          chequers_serial_rivers_room_a, chequers_serial_rivers_large_b,
          chequers_serial_rivers_micro_a, chequers_serial_rivers_micro_b,
          st_stairs_9
D:6:      layout_cave_pods, old_standard_altar, uniq_duvessa
D:7:      layout_gridville, minmay_temple_entry_butterflies,
          serial_bayou_lake_a, uniq_pikel
D:8:      layout_basic, tso_metal_star, general_overflow_altar, enter_bailey_5,
          gammafunk_ghost_stat_death
D:9:      layout_roguey, nicolae_elyvilon_peaceful_grove, lemuel_doored_altar,
          mainiacjoe_overflow_alcove_4, hiddenorc1_lemuel,
          minmay_protected_statue
D:10:     layout_roguey, nzn_wu_jian_contemplation, serial_bayou_lagoon_a
D:11:     layout_long_grid, david_lair_generic, serial_shops, shop,
          nicolae_sextant
D:12:     layout_cave_pools
D:13:     layout_rooms, hangedman_batty
D:14:     layout_roguey, david_vaults_1, minivault_11
D:15:     grunt_enter_depths_hoard, layout_cave_pods, serial_shops, shop,
          okawaru_trees_1, uniq_azrael, uniq_agnes
Temple:   hellmonk_temple_of_storms
Lair:1:   layout_regular_city, infiniplex_staircase_pool_2, grunt_megastairs_4,
          lemuel_fruit_tree, uniq_maggie, uniq_fannar
Lair:2:   layout_hall_layers, skrybe_swamp_entry_bodies,
          minmay_snake_entry_guardpost_medium, gammafunk_ghost_hive, uniq_urug
Lair:3:   lemuel_ratsnest, layout_chaotic_city, nicolae_lair_lakeside_cave
Lair:4:   layout_small_grid, nicolae_slime_entry_field_trip,
          beast_lair_carwin_8, grunt_megastairs_5
Lair:5:   due_jungle_book, layout_big_grid, lightli_volcano_entry_magma_tube,
          serial_bayou_pond_a, guppyfry_lair_drakes, lemuel_fruit_fields
Swamp:1:  layout_basic_swamp, evilmike_swamp_ruin_wall, swamp_pool3
Swamp:2:  layout_falls_marsh, wheals_swamp_sinkhole
Swamp:3:  layout_basic_swamp, hangedman_swamp_ruin_wall, swamp_pool3,
          hangedman_swamp_wriggling, uniq_jorgrun, uniq_donald
Swamp:4:  swamp_pestilence, layout_basic_swamp, swamp_pool5,
          infiniplex_staircase_pool
Snake:1:  layout_rooms, basic_altar, special_room, serial_bayou_shore_a
Snake:2:  layout_layer_cave, special_room, uniq_aizul
Snake:3:  layout_gridlike, serial_shops, nicolae_shop_window_shopping,
          grunt_megastairs_2, uniq_saint_roka, uniq_mlioglotl
Snake:4:  grunt_snake_rune_pools, layout_basic, minmay_shoptagon
Slime:1:  layout_caves
Slime:2:  layout_caves
Slime:3:  layout_caves
Slime:4:  layout_caves, nicolae_slime_rock_hall_of_fame
Slime:5
Orc:1:    layout_diamond_mine, serial_shops, shop
Orc:2:    st_orc_town, layout_caves, uniq_snorg
Elf:1:    eino_elf_arrival_sip, layout_onion_city, minmay_elf_sorcery,
          st_stairs_12, grunt_megastairs_3
Elf:2:    nicolae_elf_blades_crystal_corner, layout_loops_corners, drop_trap,
          minivault_19, minivault_28
Elf:3:    nooodl_elf_gasket, layout_loops_corners, st_stairs_11
Vaults:1: nicolae_vaults_closet_pinwheel_4, dpeg_vaults_monster_row,
          nicolae_vaults_diagonal_hallway_7, nicolae_vaults_closet_pinwheel_4,
          nicolae_vaults_stairing_the_circle,
          nicolae_vaults_trapezoid_lopsided_4, hangedman_vaults_river_flow,
          vaults_standard_mumra_x, vaults_room_ringed_pool,
          nicolae_vaults_little_ls, nicolae_vaults_trapezoid_4,
          vaults_dpeg_diagonal, nicolae_vaults_little_squares_3,
          ontoclasm_vaults_misaligned, vaults_dpeg_ring,
          ontoclasm_vaults_gateway, layout_vaults_omnibox, serial_shops,
          nicolae_shop_tiny_glass
Vaults:2: ebering_ghost_xom, hangedman_vaults_pinch, v_alt_pattern_4,
          nicolae_vaults_big_angled_halls, v_misc_33, serial_ice_h,
          minmay_crypt_entry_necro_gods, nicolae_vaults_surprise_closet,
          nicolae_vaults_trapezoid_lopsided_1, vaults_mumra_hexcomb, v_misc_15,
          ontoclasm_vaults_ligature, nicolae_vaults_murder_corner,
          nicolae_vaults_tetromino_L_2, nicolae_vaults_trapezoid_1,
          layout_vaults_chaotic_city
Vaults:3: v_misc_13, nicolae_vaults_door_testing_chamber,
          vaults_room_guarded_vault, ontoclasm_vaults_decontamination,
          v_misc_26, nicolae_vaults_house_2, serial_ice_b,
          layout_vaults_omnigrid
Crypt:1:  layout_gridlike, grunt_crypt_arrival_guarded_gate,
          roderic_lattice_octagonal_star, uniq_josephina, uniq_bai_suzhen,
          uniq_boris, uniq_zenata
Crypt:2:  layout_gridlike, special_room [special_room_morgue]
Crypt:3:  david_glass_crypt, layout_gridlike, nicolae_tomb_entry_grand_gallery,
          basic_altar, nicolae_crypt_ancient_font, uniq_margery
Depths:1: layout_cave_shapes, nicolae_ashenzari_panopticon,
          rand_demon_pan_entry_4, hell_entry, nrook_kobold_shadow_demons
Depths:2: impenetrable_vault, layout_honeycomb, grunt_pan_entry_sceptre,
          hell_entry, nemelex_diamond_rough_becter
Depths:3: minmay_guarded_unrand_guard, layout_honeycomb, enter_ziggurat_f,
          hell_entry, abyss_entry_crystal, nrook_mini_vaults,
          minmay_staircase_bubble, minmay_shop_grove
Depths:4: grunt_zot_entry_gee_three, layout_honeycomb,
          hangedman_abyss_or_decor_slice, hell_entry
Zot:1:    kennysheep_spiral_hall, layout_cellular_growth
Zot:2:    layout_twisted_circle, uniq_parghit
Zot:3:    gammafunk_its_a_trap, layout_concentric_octagons
Zot:4:    layout_twisted_circle, grunt_ministairs_1
Zot:5:    layout_twisted_circle, st_stairs_2, grunt_ministairs_13

Skill      XL: |  1  2  3  4  5  6  7  8  9 10 11 12 13 14 15 16 17 18 19 20 21 22 23 24 |
---------------+-------------------------------------------------------------------------+-----
Stealth        | 2 3 |  3.0
Dodging        | 2 3 4 5 6 7 9 10 12 | 12.0
Spellcasting   | 2 3 5 6 8 9 11 12 14 15 16 18 19 20 21 22 | 22.8
Fighting       | 1 2 3 5 6 7 9 10 12 | 12.0
Conjurations   | 4 5 6 7 8 10 12 14 16 17 18 19 21 22 23 | 23.6
Air Magic      | 7 12 14 16 17 18 19 21 22 23 | 23.6

Action                     |  1- 3 |  4- 6 |  7- 9 | 10-12 | 13-15 | 16-18 | 19-21 | 22-24 | 25-27 || total
---------------------------+-------+-------+-------+-------+-------+-------+-------+-------+-------++-------
  Melee: Dagger            |    21 |       |   122 |     5 |       |       |       |       |       ||   148
         Unarmed           |     2 |       |       |       |       |       |       |       |       ||     2
         Punch             |       |       |     4 |     6 |    17 |       |       |       |       ||    27
         Short sword       |       |       |       |    86 |       |    29 |     5 |       |       ||   120
         Quick blade       |       |       |       |   232 |   897 |   221 |    43 |       |       ||  1393
         Rapier            |       |       |       |       |   121 |       |       |       |       ||   121
         Staff             |       |       |       |       |       |       |   113 |    59 |     1 ||   173
  Throw: Dart              |       |       |       |     1 |       |     1 |     1 |     1 |       ||     4
         Throwing net      |       |       |       |       |       |     5 |       |     2 |       ||     7
   Cast: Magic Dart        |   113 |   127 |   151 |    74 |     3 |       |     8 |       |       ||   476
         Searing Ray       |       |    11 |    50 |    23 |    17 |       |       |       |       ||   101
         Fulminant Prism   |       |       |    25 |    62 |    55 |     1 |     1 |     2 |       ||   146
         Iskenderun's Myst |       |       |     3 |    99 |   181 |    79 |    92 |       |       ||   454
         Static Discharge  |       |       |       |    22 |     1 |       |       |       |       ||    23
         Airstrike         |       |       |       |       |   257 |     1 |       |     1 |       ||   259
         Conjure Ball Ligh |       |       |       |       |    23 |       |     8 |     1 |       ||    32
         Orb of Destructio |       |       |       |       |   183 |   557 |   663 |       |       ||  1403
         Swiftness         |       |       |       |       |     1 |     2 |       |       |       ||     3
         Fireball          |       |       |       |       |       |    53 |    29 |     1 |       ||    83
         Iskenderun's Batt |       |       |       |       |       |       |     1 |       |       ||     1
         Chain Lightning   |       |       |       |       |       |       |   168 |   587 |     3 ||   758
  Evoke: Wand              |       |     3 |     5 |     5 |     1 |       |     2 |     1 |       ||    17
         Lightning rod     |       |       |       |     3 |     6 |     4 |     4 |     3 |       ||    20
         Phantom mirror    |       |       |       |       |       |       |       |     1 |       ||     1
    Use: Scroll            |     3 |     9 |     7 |    15 |    11 |     7 |    11 |     5 |     1 ||    69
         Potion            |     1 |       |     3 |     4 |     5 |     8 |     5 |    30 |     3 ||    59
   Stab: Sleeping          |       |       |     1 |     1 |       |       |       |       |       ||     2
         Invisible         |       |       |       |       |     1 |       |       |       |       ||     1
         Distracted        |       |       |       |       |       |       |     1 |       |       ||     1
 Armour: Robe              |     5 |     6 |    39 |   107 |   131 |   115 |   115 |    79 |     6 ||   603
         Skin              |       |       |    21 |       |       |       |       |       |       ||    21
         Troll leather arm |       |       |       |    23 |   244 |       |       |       |       ||   267
  Dodge: Dodged            |    21 |    23 |   215 |   557 |  1035 |   258 |   302 |    98 |     3 ||  2512
  Block: Buckler           |       |       |       |       |    45 |   138 |   120 |    45 |       ||   348
         Reflection        |       |       |       |       |     1 |    11 |    16 |     2 |       ||    30
